[Event "IIFL Wealth  4th Mumbai Junior U-13"]
[Site "Mumbai"]
[Date "2019.01.03"]
[Round "5"]
[White "Ambre Ved"]
[Black "Keshav Padmanabhan"]
[Result "0-1"]
[ECO "C46"]
[WhiteElo "1063"]
[BlackElo "1272"]
[Annotator "NA RC"]
[PlyCount "60"]
[EventDate "2018.12.30"]
[EventType "swiss"]
[EventCountry "IND"]
[SourceTitle "playchess.com"]
[Source "ChessBase"]
[SourceQuality "1"]
[TimeControl "40/5400+30:1800+30"]

1. e4 e5 2. Nf3 Nc6 3. Nc3 d6 4. g3 Nf6 5. Bg2 Be7 6. O-O O-O 7. d3 h6 8. a3 Be6 9. Nh4 Qd7 10. Be3 Ng4 11. Nf3 f5 12. exf5 Bxf5 13. d4 e4 14. d5 exf3 15. dxc6 bxc6 16. Qxf3 Ne5 17. Qd1 Bh3 18. Nd5 cxd5 19. Bxd5+ Kh8 20. Qh5 Bg4 21. Bxa8 Bxh5 22. Bg2 Bf3 23. Bxa7 Bxg2 24. Kxg2 c5 25. Bxc5 Qc6+ 26. Kh3 Qf3 27. Rae1 g5 28. Re4 Qxe4 29. f3 Nxf3 30. Bxd6 Ng1+ 0-1

[Event "IIFL Wealth  4th Mumbai Junior U-13"]
[Site "Mumbai"]
[Date "2019.01.03"]
[Round "5"]
[White "Sara Mody"]
[Black "Rout Yashita"]
[Result "0-1"]
[ECO "C54"]
[WhiteElo "1060"]
[BlackElo "1264"]
[Annotator "NA RC"]
[PlyCount "70"]
[EventDate "2018.12.30"]
[EventType "swiss"]
[EventCountry "IND"]
[SourceTitle "playchess.com"]
[Source "ChessBase"]
[SourceQuality "1"]
[TimeControl "40/5400+30:1800+30"]

1. e4 e5 2. Nf3 Nc6 3. Bc4 Bc5 4. c3 Nf6 5. d3 a6 6. O-O O-O 7. Re1 d6 8. h3 Na5 9. Nbd2 Ba7 10. Bb3 Nxb3 11. axb3 Re8 12. Nf1 h6 13. Ng3 c6 14. Nh4 Ng4 15. Nhf5 Nxf2 16. Qe2 Nxd3+ 17. Kh2 Nxe1 18. Bxh6 Bxf5 19. Nxf5 Re6 20. Bd2 Nxg2 21. Qxg2 Rg6 22. Qe2 d5 23. exd5 cxd5 24. Qxe5 Bb8 25. Re1 Qe8 26. Bf4 Bxe5 27. Rxe5 Re6 28. Rxd5 Re2+ 29. Kg1 Rd8 30. Rxd8 Qxd8 31. Ne3 Rxb2 32. b4 Qd2 33. c4 Qf2+ 34. Kh1 Qe1+ 35. Nf1 Qxf1# 0-1

[Event "IIFL Wealth  4th Mumbai Junior U-13"]
[Site "Mumbai"]
[Date "2019.01.03"]
[Round "5"]
[White "Sapre Vedang"]
[Black "Haldankar Dhruv"]
[Result "0-1"]
[ECO "C50"]
[WhiteElo "1049"]
[BlackElo "1245"]
[Annotator "NA"]
[PlyCount "31"]
[EventDate "2018.12.30"]
[EventType "swiss"]
[EventCountry "IND"]
[SourceTitle "playchess.com"]
[Source "ChessBase"]
[SourceQuality "1"]
[TimeControl "40/5400+30:1800+30"]

1. e4 e5 2. Nf3 Nc6 3. Bc4 Bc5 4. Nc3 d6 5. d3 h6 6. Be3 Bb6 7. h3 Nf6 8. Qd2 Be6 9. Bb3 Ba5 10. O-O-O Qe7 11. Rhe1 a6 12. Nh2 g5 13. f3 Nd4 14. Ba4+ b5 15. Bb3 c5 16. Kb1 0-1

[Event "IIFL Wealth  4th Mumbai Junior U-13"]
[Site "Mumbai"]
[Date "2019.01.03"]
[Round "5"]
[White "Vittanala Shanmuk Saish"]
[Black "Shah Vrisha Parag"]
[Result "1/2-1/2"]
[ECO "B53"]
[WhiteElo "1005"]
[BlackElo "1240"]
[Annotator "NA RC"]
[PlyCount "76"]
[EventDate "2018.12.30"]
[EventType "swiss"]
[EventCountry "IND"]
[SourceTitle "playchess.com"]
[Source "ChessBase"]
[SourceQuality "1"]
[TimeControl "40/5400+30:1800+30"]

1. e4 c5 2. Nf3 d6 3. d4 cxd4 4. Qxd4 Nc6 5. Bb5 Bd7 6. Bxc6 Bxc6 7. Nc3 Nf6 8. Bg5 e5 9. Qd3 h6 10. Bh4 g5 11. Bg3 Nh5 12. O-O-O Qc7 13. Kb1 a6 14. h4 Nxg3 15. fxg3 g4 16. Nh2 h5 17. Rhf1 O-O-O 18. Qc4 Rd7 19. Rf6 Bg7 20. Rf5 f6 21. Qe6 Kd8 22. Nd5 Bxd5 23. Qxd5 Qc6 24. Qxc6 bxc6 25. Nf1 d5 26. exd5 cxd5 27. c3 Ke7 28. Ne3 Ke6 29. Rf2 e4 30. b4 Rc8 31. Rdd2 Rcc7 32. Rd1 Rc8 33. Rdd2 Rcc7 34. Rd1 Rc8 35. Rdd2 Rcc7 36. Rd1 Rc8 37. Rdd2 Rcc7 38. Rd1 Rc8 1/2-1/2